 Dungeon Crawl Stone Soup version 0.21.1-1-g345015fe64 (webtiles) character file.

217 Jannitor the Insei (level 5, -4/34 HPs)
             Began as a Tengu Chaos Knight on Apr 22, 2018.
             Killed by divine providence
             ... invoked by an orc priest
              (14 damage)
             ... on level 3 of the Dungeon.
             The game lasted 00:03:15 (1905 turns).

Jannitor the Insei (Tengu Chaos Knight)             Turns: 1905, Time: 00:03:15

Health: -4/34      AC:  5    Str: 11    XL:     5   Next: 94%
Magic:  5/6        EV: 22    Int: 10    God:    Xom [....*.]
Gold:   183        SH:  0    Dex: 19    Spells: 4/4 levels left

rFire    . . .     SeeInvis .     - Unarmed
rCold    . . .     Gourm    .   (no shield)
rNeg     . . .     Faith    .   a - +2 leather armour
rPois    +         Spirit   .   (helmet restricted)
rElec    +         Reflect  .   (no cloak)
rCorr    .         Harm     .   (no gloves)
MR       .....                  (boots unavailable)
Stlth    ++........             (no amulet)
HPRegen  0.11/turn              (no ring)
MPRegen  0.10/turn              (no ring)

@: agile, flying quickly and evasively, quick
A: antennae 1, beak, talons 3, blurry vision 1, dopey 1, poison resistance,
electricity resistance, weak 1, able to fly 1
a: Renounce Religion


You were on level 3 of the Dungeon.
You worshipped Xom.
You were a beloved toy of Xom.
You were hungry.

You visited 1 branch of the dungeon, and saw 3 of its levels.

You collected 183 gold pieces.

Inventory:

Armour
 a - a +2 leather armour (worn)
Jewellery
 h - an uncursed ring of protection from magic {unknown}
Scrolls
 e - 3 scrolls of fog
 g - a scroll of immolation {unknown}
 i - a scroll of amnesia
 k - 3 scrolls of remove curse {unknown}
 m - 3 scrolls of identify {unknown}
 q - a scroll of noise {unknown}
 s - a scroll of enchant weapon {unknown}
Potions
 c - a potion of magic {unknown}
 d - a potion of mutation {unknown}
 f - a potion of ambrosia {unknown}
 l - a potion of flight {unknown}
 n - a potion of agility
 o - a potion of cancellation {unknown}
 r - a potion of heal wounds {unknown}
Comestibles
 b - 6 rations
 j - 3 chunks of flesh


   Skills:
 + Level 4.4 Fighting
 - Level 2.1 Armour
 + Level 3.5 Dodging
 + Level 4.8 Unarmed Combat


You had 4 spell levels left.
You didn't know any spells.

Dungeon Overview and Level Annotations

Branches:
Dungeon (3/15)

Altars:
Sif Muna


Innate Abilities, Weirdness & Mutations

You have a beak for a mouth.
You have claws for feet.
You can fly.
You have a pair of small antennae on your head.
Scrolls take you a little longer to read.
You are dopey. (Int -2)
Your system is resistant to poisons. (rPois)
You are resistant to electric shocks. (rElec)
You are weak. (Str -2)


Message History

You feel agile all of a sudden. The orc completely misses you.
The orc priest calls upon Beogh to heal the orc.
The orc is healed somewhat.
You hit the orc. You claw the orc, but do no damage.
The orc is heavily wounded.
The orc closely misses you.
You hit the orc.
You kill the orc!
You hit the orc priest but do no damage.
The orc priest misses you.
You hit the orc priest. Your kick misses the orc priest.
You peck the orc priest.
The orc priest is moderately wounded.
The orc priest closely misses you.
You barely miss the orc priest. You peck the orc priest.
The orc priest is heavily wounded.
The orc priest calls down the wrath of Beogh upon you.
Beogh smites you!
You die...

.# #≈.≈... .≈# ## ###. #≈....
..≈# #### # #... #≈...#
...≈#.....
#.#.####≈...##...≈####..
.....##≈........≈#..#..
#....#≈.≈†)..≈.≈#.....
#...##≈..[[....≈#..#..
#.#...##))≈≈≈≈≈≈≈.####..
#.....o@##########+....#
#####.### #.....##### #.# #....##
######### #.######.##.#.#
#.......###......<......## ## ##
#.#####.#......###.......# #.. .#
#)#####.#.#..#.###..#.##.##.#
.###.##............##. #.##.#.###
...))...##.#.#..#..##..#.........


You could see an orc priest.

Vanquished Creatures
  3 orc priests (D:3)
  An orc wizard (D:3)
  An adder (D:2)
  A worm (D:2)
  A dart slug (D:1)
  4 leopard geckos
  8 orcs (D:3)
  2 giant cockroaches
  8 hobgoblins
  2 jackals (D:1)
  7 kobolds
  2 quokkas
  4 bats
  3 frilled lizards
  9 goblins
  3 rats
59 creatures vanquished.

Vanquished Creatures (collateral kills)
  An adder (D:3)
  A worm (D:3)
  2 orcs (D:3)
  A goblin (D:3)
  A quokka (D:3)
  2 bats (D:3)
  A rat (D:3)
9 creatures vanquished.

Grand Total: 68 creatures vanquished

Notes
Turn   | Place    | Note
-------+----------+-------------------------------------------
     0 | D:1      | Jannitor the Tengu Chaos Knight began the quest for the Orb.
     0 | D:1      | Reached XP level 1. HP: 14/14 MP: 2/2
   164 | D:1      | Reached XP level 2. HP: 19/19 MP: 3/3
   307 | D:1      | Reached XP level 3. HP: 19/23 MP: 4/4
   667 | D:2      | XOM: smoke on damage
   772 | D:2      | XOM: potion effect (invisibility)
   952 | D:2      | XOM: harmless Conj miscast
   990 | D:2      | Reached XP level 4. HP: 29/29 MP: 5/5
  1175 | D:2      | XOM: give mutation
  1175 | D:2      | Gained mutation: You have a pair of small antennae on your head. [Xom's grace]
  1195 | D:2      | Found a deep blue altar of Sif Muna.
  1208 | D:2      | XOM is BORED!
  1208 | D:2      | XOM: give mutations
  1208 | D:2      | Gained mutation: Scrolls take you a little longer to read. [Xom's mischief]
  1208 | D:2      | Gained mutation: You are dopey. (Int -2) [Xom's mischief]
  1208 | D:2      | Gained mutation: You are weak. (Str -2) [Xom's mischief]
  1226 | D:2      | XOM: god gift: ring mail {god gift}
  1825 | D:3      | XOM: give mutations
  1825 | D:3      | Gained mutation: Your system is resistant to poisons. (rPois) [Xom's grace]
  1825 | D:3      | Gained mutation: You are resistant to electric shocks. (rElec) [Xom's grace]
  1826 | D:3      | Gained mutation: You can fly. [Tengu growth]
  1826 | D:3      | Reached XP level 5. HP: 33/33 MP: 6/6
  1905 | D:3      | Killed from afar by an orc priest

Skill      XL: |  1  2  3  4 |
---------------+-------------+-----
Dodging        | 2 3 |  3.5
Unarmed Combat | 4 |  4.8
Fighting       | 4 |  4.4
Armour         | |  2.1

Action                   |  1- 3 |  4- 6 || total
-------------------------+-------+-------++-------
Melee: Unarmed           |    93 |    68 ||   161
       Kick              |    18 |    16 ||    34
       Peck              |    10 |     9 ||    19
 Abil: Fly               |       |     2 ||     2
  Use: Scroll            |       |     3 ||     3
       Potion            |       |     3 ||     3
 Stab: Invisible         |     2 |       ||     2
  Eat: Chunk             |       |     3 ||     3
Armor: Leather armour    |    26 |    19 ||    45
Dodge: Dodged            |    64 |    43 ||   107
